 Dungeon Crawl Stone Soup version 0.28.0-53-g5a82cb258f (webtiles) character file.

Game seed: 9797188403934489346

65 GigaChad the Covered (level 3, -6/33 HPs)
             Began as a Minotaur Fighter on Aug 23, 2022.
             Killed from afar by Sigmund (7 damage)
             ... with a puff of flame
             ... on level 2 of the Dungeon.
             The game lasted 00:04:00 (898 turns).

GigaChad the Covered (Minotaur Fighter)              Turns: 898, Time: 00:04:01

Health: -6/33      AC:  9    Str: 28    XL:     3   Next: 92%
Magic:  2/2        EV:  8    Int:  5    God:
Gold:   75         SH:  4    Dex:  9    Spells: 2/2 levels left

rFire   . . .      SeeInvis .   a - +0 long sword
rCold   . . .      Faith    .   c - +0 buckler
rNeg    . . .      Spirit   .   g - +0 chain mail
rPois   .          Reflect  .   (helmet restricted)
rElec   .          Harm     .   (no cloak)
rCorr   .          Rampage  .   (no gloves)
Will    .....                   (no boots)
Stlth   ..........              (no amulet)
HPRegen 0.11/turn               f - +6 ring of strength
MPRegen 0.08/turn               (no ring)

@: no status effects
A: horns 2, retaliatory headbutt
a: no special abilities


You were on level 2 of the Dungeon.
You visited 1 branch of the dungeon, and saw 2 of its levels.

You collected 75 gold pieces.

Inventory:

Hand Weapons
 a - a +0 long sword (weapon)
Armour
 b - a +0 scale mail
 c - a +0 buckler (worn)
 g - a +0 chain mail (worn)
Jewellery
 f - a +6 ring of strength (left hand)
Scrolls
 e - 2 scrolls of identify
 h - a scroll of fear {unknown}
Potions
 d - a potion of might
 i - a potion of lignification {unknown}


   Skills:
 + Level 4.2 Fighting
 + Level 3.2 Long Blades
 + Level 4.5 Armour
 + Level 0.3 Dodging
 + Level 4.1 Shields


You had 2 spell levels left.
You didn't know any spells.
Your spell library was empty.

Dungeon Overview and Level Annotations

Branches:
Dungeon (2/15)

Altars:

Annotations:
D:2 Sigmund


Innate Abilities, Weirdness & Mutations

You have a pair of horns on your head.
You reflexively headbutt those who attack you in melee.


Message History

You slash the quokka!
You kill the quokka!
Sigmund and an adder come into view.
Sigmund is wielding a +0 scythe, wearing a +2 robe of willpower and carrying a wand of digging (3).
Sigmund shouts!
The adder hisses angrily.
Sigmund gestures at you while chanting. The magic dart hits you.
You closely miss the adder. The adder bites you. x2
You barely miss the adder. The adder completely misses you.
You furiously retaliate!
You headbutt the adder!
Sigmund hits you from afar with a +0 scythe.
The adder barely misses you.
You barely miss the adder.
The adder is almost dead.
The adder bites you but does no damage.
Sigmund hits you from afar with a +0 scythe.
The adder bites you but does no damage.
You hit the adder.
You kill the adder!
Sigmund casts a spell.
Sigmund flickers and vanishes!
Deactivating autopickup; reactivate with Ctrl-A.
Something hits you but does no damage.
You see here an adder corpse.
You closely miss something. Your headbutt misses something. Something hits you.
You slash something! Something hits you.
You miss something. Your headbutt misses something. Something hits you.
* * * LOW HITPOINT WARNING * * *
You closely miss something. You barely miss something.
Your headbutt misses something. Something hits you.
* * * LOW HITPOINT WARNING * * *
You closely miss something. Your headbutt misses something. Something hits you.
* * * LOW HITPOINT WARNING * * *
You slash something! You headbutt something. Something hits you.
* * * LOW HITPOINT WARNING * * *
You barely miss something. Your headbutt misses something.
You hear some strange, mumbled words.
A puff of flame appears from out of thin air!
The puff of flame hits you!
You die...

########### #......... #
#.......# #.#.......#
#.#.......# #....{....#
#..@....# #.......# #
#.......### #
###........ #
#######.######### #
.................##
##........######..#
##........#######.######
.......)................


There were no monsters in sight!

Vanquished Creatures
  2 adders (D:2)
  A dart slug (D:1)
  5 bats
  3 endoplasms
  4 giant cockroaches
  4 goblins (D:1)
  A hobgoblin (D:2)
  3 jackals (D:1)
  4 quokkas
  3 ball pythons (D:1)
  2 frilled lizards (D:1)
  4 kobolds
  6 rats
42 creatures vanquished.

Notes
Turn   | Place    | Note
-------+----------+-------------------------------------------
     0 | D:1      | GigaChad the Minotaur Fighter began the quest for the Orb.
     0 | D:1      | Reached XP level 1. HP: 19/19 MP: 0/0
   116 | D:1      | Reached XP level 2. HP: 24/27 MP: 1/1
   546 | D:1      | Reached XP level 3. HP: 31/33 MP: 2/2
   883 | D:2      | Noticed Sigmund
   897 | D:2      | HP: 1/33 [something (3)]
   898 | D:2      | Killed from afar by Sigmund

Illustrated notes

Levels and vault maps discovered:
D:1:      dpeg_arrival_round_c, layout_basic
D:2:      layout_basic, uniq_sigmund

Skill      XL: |  1  2  3 |
---------------+----------+-----
Armour         | 4 |  4.5
Fighting       | 4 |  4.2
Shields        | 4 |  4.1
Long Blades    | 3 |  3.2
Dodging        | |  0.3

Action                   || total
-------------------------++-------
Melee: Long sword        ||    78
       Headbutt          ||     5
  Use: Scroll            ||     1
Armor: Scale mail        ||    21
       Chain mail        ||    46
Dodge: Dodged            ||    69
Block: Buckler           ||    22
